[Event "Titled Tuesday Blitz August 16 Early 2022"]
[White "Ferriz Barrios, Andres"]
[Black "Broca Jimenez, Fernando"]
[WhiteFideId "5104467"]
[BlackFideId "5104742"]
[WhiteElo "2102"]
[BlackElo "2062"]
[Result "1-0"]
[Round "07"]
[TimeControl "180+2"]
[Date "2022.08.18"]
[WhiteClock "0:00:00"]
[BlackClock "0:00:00"]

1. d4 Nf6 2. Nf3 g6 3. Nc3 Bg7 4. Bf4 d6 5. e4 O-O 6. Qd2 Nbd7 7. O-O-O Re8 8. e5 Nh5 9. exd6 exd6 10. Bg3 Nxg3 11. hxg3 Nf6 12. Bc4 d5 13. Bd3 Bg4 14. Rde1 Bxf3 15. gxf3 Qd7 16. Re3 c6 17. Bf1 Qd6 18. g4 Nd7 19. a3 Nb6 20. f4 Rxe3 21. fxe3 Re8 22. f5 Qe7 23. Rh3 Qg5 24. fxg6 fxg6 25. Be2 Nc4 26. Bxc4 dxc4 27. Qe2 Bxd4 28. Qxc4+ 1-0


[Site "https://www.chess.com"]

[Event "Titled Tuesday Blitz August 16 Early 2022"]
[White "Filippova, Margarita"]
[Black "Kovacevic, Radmila"]
[WhiteFideId "34199680"]
[BlackFideId "933171"]
[WhiteElo "1734"]
[BlackElo "2157"]
[Result "1-0"]
[Round "07"]
[TimeControl "180+2"]
[Date "2022.08.18"]
[WhiteClock "0:00:00"]
[BlackClock "0:00:00"]

1. Nf3 d5 2. d4 g6 3. c4 Bg7 4. Nc3 dxc4 5. e4 c5 6. d5 Bxc3+ 7. bxc3 Qa5 8. Qc2 b5 9. Be3 Na6 10. Be2 Nf6 11. O-O O-O 12. a4 b4 13. Bxc4 bxc3 14. e5 Bf5 15. Qe2 Nb4 16. exf6 exf6 17. Rfc1 c2 18. Nh4 Be4 19. Bd2 Rfe8 20. Qg4 f5 21. Qg5 Qd8 22. Qxd8 Raxd8 23. Re1 Nxd5 24. f3 Nb6 25. Ba5 Bd5 26. Bxb6 Rxe1+ 27. Rxe1 axb6 28. Bd3 Bb3 29. Be2 Rd2 30. Kf1 Bxa4 31. f4 c4 32. Nf3 Rxe2 33. Kxe2 c3 34. Nd4 b5 35. Kd3 b4 36. Kc4 b3 37. Nxb3 Bc6 38. Kxc3 Bxg2 39. Kxc2 Kg7 40. Nd4 Kf6 41. Kd2 h6 42. Ke3 g5 43. Rg1 1-0


[Site "https://www.chess.com"]

[Event "Titled Tuesday Blitz August 16 Early 2022"]
[White "Garrido, Denis"]
[Black "Fernandez Hernandez, Gerardo"]
[WhiteFideId "601217"]
[BlackFideId "2207400"]
[WhiteElo "2205"]
[BlackElo "2169"]
[Result "1-0"]
[Round "07"]
[TimeControl "180+2"]
[Date "2022.08.18"]
[WhiteClock "0:00:00"]
[BlackClock "0:00:00"]

1. d4 Nf6 2. c4 c5 3. d5 b5 4. g4 d6 5. g5 Nfd7 6. h4 bxc4 7. h5 Nb6 8. Bg2 N8d7 9. Nc3 Bb7 10. g6 fxg6 11. hxg6 h6 12. Qc2 Ne5 13. f4 Ng4 14. Qf5 Qd7 15. Qxd7+ Nxd7 16. Bh3 Ngf6 17. e4 O-O-O 18. Nf3 Kb8 19. Be6 Ne8 20. Be3 Nc7 21. a4 Nf6 22. f5 Nd7 23. Bf4 Nf6 24. Nd2 Nxe6 25. fxe6 Ng4 26. Rh4 h5 27. Ke2 Nf6 28. Nxc4 Rh6 29. Rg1 Ba6 30. b3 1-0


[Site "https://www.chess.com"]

[Event "Titled Tuesday Blitz August 16 Early 2022"]
[White "Gheorghiu, Calin"]
[Black "Skliarov, Viktor"]
[WhiteFideId "1200305"]
[BlackFideId "14106736"]
[WhiteElo "2168"]
[BlackElo "2257"]
[Result "1-0"]
[Round "07"]
[TimeControl "180+1"]
[Date "2022.08.16"]
[WhiteClock "0:00:15"]
[BlackClock "0:00:01"]

1. d4 Nf6 2. Nc3 g6 3. Bf4 Bg7 4. e4 d6 5. Nf3 O-O 6. Qd2 Bg4 7. Be2 c5 8. dxc5 dxc5 9. Qxd8 Rxd8 10. h3 Bxf3 11. Bxf3 Nc6 12. e5 Nh5 13. Bxh5 gxh5 14. e6 Bxc3+ 15. bxc3 fxe6 16. O-O Rd5 17. Rfe1 Kf7 18. Re4 Rg8 19. Rae1 Rg6 20. Be3 b6 21. a4 Ne5 22. Kf1 Nd7 23. c4 Rf5 24. Bc1 e5 25. Bb2 Re6 26. f3 Nb8 27. Bxe5 Nc6 28. Bc3 Rxe4 29. Rxe4 e6 30. Ke2 Rg5 31. Kf2 Rg8 32. Rh4 Rg5 33. f4 Rf5 34. Kf3 Kg6 35. Ke4 Rf8 36. g4 hxg4 37. hxg4 Rd8 38. g5 Rd7 39. Rh6+ Kf7 40. Rxh7+ Ke8 41. g6 Ne7 42. Rh8+ Ng8 43. Rxg8+ 1-0


[Site "https://www.chess.com"]

[Event "Titled Tuesday Blitz August 16 Early 2022"]
[White "Ginzburg, Yakov"]
[Black "Zheenbekov, Nurgazy"]
[WhiteFideId "4157176"]
[BlackFideId "13800485"]
[WhiteElo "2405"]
[BlackElo "2075"]
[Result "1-0"]
[Round "07"]
[TimeControl "180+2"]
[Date "2022.08.18"]
[WhiteClock "0:00:00"]
[BlackClock "0:00:00"]

1. d4 Nf6 2. Nf3 e6 3. c4 b6 4. g3 Ba6 5. Nfd2 c6 6. Bg2 d5 7. b3 Bb4 8. O-O O-O 9. e4 Nbd7 10. e5 Ne8 11. f4 Nc7 12. Qc2 Rc8 13. Nf3 Be7 14. f5 exf5 15. Qxf5 dxc4 16. Ng5 g6 17. Qg4 Nxe5 18. dxe5 cxb3 19. Rd1 Qxd1+ 20. Qxd1 Bxg5 21. axb3 Rfd8 22. Qe1 Be2 23. Nc3 1-0


[Site "https://www.chess.com"]

[Event "Titled Tuesday Blitz August 16 Early 2022"]
[White "Girinath, P.D.S."]
[Black "Blanco Ronquillo, Humberto L."]
[WhiteFideId "5000572"]
[BlackFideId "3504239"]
[WhiteElo "2369"]
[BlackElo "2425"]
[Result "1-0"]
[Round "07"]
[TimeControl "180+2"]
[Date "2022.08.18"]
[WhiteClock "0:00:00"]
[BlackClock "0:00:00"]

1. e4 c5 2. Nf3 Nc6 3. Bb5 Nf6 4. e5 Nd5 5. Nc3 Nc7 6. Bxc6 dxc6 7. d3 g6 8. h3 Bg7 9. O-O O-O 10. Be3 Ne6 11. Qd2 Nd4 12. Bxd4 cxd4 13. Ne4 Be6 14. Qb4 Bd5 15. Qxd4 Qc7 16. Rfe1 Rfd8 17. Qc3 b6 18. d4 Rac8 19. Qe3 Qb7 20. Rad1 Qa6 21. a3 Qa4 22. b3 Qxa3 23. Nc3 Qb2 24. Rd2 Be6 25. Na4 Qa3 26. Ng5 Bd5 27. Nc3 Bh6 28. f4 e6 29. Nce4 Bxg5 30. Nxg5 c5 31. c4 Bb7 32. d5 exd5 33. e6 Qa5 34. exf7+ Kf8 35. Qe7+ Kg7 36. f8=Q# 1-0


[Site "https://www.chess.com"]

[Event "Titled Tuesday Blitz August 16 Early 2022"]
[White "Gonzalez Vega, Alejandro"]
[Black "Aukhatov, Roman"]
[WhiteFideId "3510042"]
[BlackFideId "44150768"]
[WhiteElo "2092"]
[BlackElo "2112"]
[Result "0-1"]
[Round "07"]
[TimeControl "180+2"]
[Date "2022.08.18"]
[WhiteClock "0:00:00"]
[BlackClock "0:00:00"]

1. e4 c5 2. Nf3 e6 3. c3 Nf6 4. e5 Nd5 5. d4 cxd4 6. cxd4 d6 7. exd6 Bxd6 8. Nc3 Nxc3 9. bxc3 Qc7 10. Bd2 O-O 11. Bd3 b6 12. O-O Nd7 13. Qe2 Bb7 14. Rac1 Rfd8 15. h3 Rac8 16. Ng5 Nf8 17. Qh5 h6 18. Ne4 Bf4 19. Qe2 Bxd2 20. Nxd2 Nd7 21. Rfd1 e5 22. Nf3 e4 23. Bxe4 Re8 24. Ne5 Nxe5 25. Bxb7 Nc6 26. Qa6 Nb8 27. Qxa7 Re7 28. c4 Qxb7 29. Qa3 Rd7 30. d5 Na6 31. Qb3 Nc5 32. Qb5 Rd6 33. Rb1 Qd7 34. Qb4 Ra8 35. Rb2 Rg6 36. Re2 Qxh3 37. g3 Rg5 38. d6 Rh5 39. f4 Qxg3+ 40. Rg2 Qe3+ 41. Kf1 Rh1+ 0-1


[Site "https://www.chess.com"]

[Event "Titled Tuesday Blitz August 16 Early 2022"]
[White "Grandelius, Nils"]
[Black "Atanasov, Anthony"]
[WhiteFideId "1710400"]
[BlackFideId "2623897"]
[WhiteElo "2617"]
[BlackElo "1928"]
[Result "1-0"]
[Round "07"]
[TimeControl "180+1"]
[Date "2022.08.16"]
[WhiteClock "0:00:11"]
[BlackClock "0:00:02"]

1. Nf3 Nf6 2. g3 d5 3. Bg2 Bf5 4. O-O e6 5. c4 Be7 6. cxd5 exd5 7. Qb3 Na6 8. d4 O-O 9. Nc3 Nb4 10. Ne1 Nc6 11. Be3 Na5 12. Qd1 Nc4 13. Bc1 c6 14. Nd3 Qa5 15. Qb3 Bxd3 16. exd3 Nd6 17. Bf4 Qb6 18. Qxb6 axb6 19. Rae1 Nc8 20. Bh3 Bd6 21. Bxc8 Bxf4 22. Bxb7 Bd2 23. Bxa8 Bxe1 24. Bxc6 Bxc3 25. bxc3 Rc8 26. Bb5 Rxc3 27. Rb1 g6 28. a4 Ra3 29. Bc6 Rxd3 30. Rxb6 Rxd4 31. a5 Rd1+ 32. Kg2 d4 33. a6 Ra1 34. Bb5 Nd5 35. Rd6 Nc7 36. Bd3 Ne6 37. Bc4 Nc5 38. Rxd4 Nxa6 39. Rd8+ Kg7 40. Ra8 Ra4 41. Bxa6 Rb4 42. Be2 Rb2 43. Bf3 Rb6 44. Ra7 Rf6 45. Bd5 h6 46. f4 Rf5 47. Bc4 Rf6 48. Kf3 g5 49. Ke4 gxf4 50. gxf4 h5 51. h4 Kh8 52. Rxf7 Rc6 53. Bd5 Rc7 54. Rf5 Rh7 55. Rf8+ Kg7 56. Rf7+ Kg8 57. Rxh7+ Kf8 58. Kf5 1-0


[Site "https://www.chess.com"]

[Event "Titled Tuesday Blitz August 16 Early 2022"]
[White "Gubajdullin, Alexei"]
[Black "Rostovtsev, Dmitry"]
[WhiteFideId "4141202"]
[BlackFideId "34278320"]
[WhiteElo "2214"]
[BlackElo "2295"]
[Result "1-0"]
[Round "07"]
[TimeControl "180+1"]
[Date "2022.08.16"]
[WhiteClock "0:00:28"]
[BlackClock "0:00:03"]

1. Nf3 Nf6 2. c4 g6 3. b4 Bg7 4. Bb2 O-O 5. g3 d6 6. Bg2 e5 7. d3 Nc6 8. b5 Ne7 9. O-O Nd7 10. Nc3 f5 11. Nd2 Nf6 12. a4 a6 13. Qb3 Kh8 14. a5 c6 15. bxc6 bxc6 16. Na4 Be6 17. Nb6 Rb8 18. Qa4 Nd7 19. Ba3 Nxb6 20. axb6 Rxb6 21. c5 dxc5 22. Bxc5 Rb2 23. Nc4 Rb5 24. Qa3 Bf6 25. Nxe5 Rb3 26. Qa5 Bxe5 27. Bxe7 Qxa5 28. Rxa5 Bc3 29. Rxa6 Re8 30. Bc5 Bd5 31. e3 Bg7 32. Bxd5 cxd5 33. d4 Rc3 34. Rd6 Rc2 35. Rxd5 Bh6 36. Bd6 Ra8 37. Be5+ Kg8 38. Rd7 Raa2 39. Rb1 Rcb2 40. Rxb2 Rxb2 41. d5 Rd2 42. d6 Bf8 43. h4 h6 44. Kf1 g5 45. hxg5 hxg5 46. Ke1 Rd5 47. f4 gxf4 48. gxf4 Rd3 49. Ke2 Rd5 50. e4 fxe4 51. Ke3 Rd1 52. Kxe4 Rd2 53. Kf5 Rd3 54. Ke6 Rd1 55. f5 Rf1 56. Rd8 Rf2 57. d7 Rf1 58. Rxf8+ Kh7 59. Rh8# 1-0


[Site "https://www.chess.com"]

[Event "Titled Tuesday Blitz August 16 Early 2022"]
[White "Hansen, Eric"]
[Black "Bortnyk, Olexandr"]
[WhiteFideId "2606771"]
[BlackFideId "14120828"]
[WhiteElo "2568"]
[BlackElo "2723"]
[Result "0-1"]
[Round "07"]
[TimeControl "180+1"]
[Date "2022.08.16"]
[WhiteClock "0:00:07"]
[BlackClock "0:00:11"]

1. d4 d6 2. e4 Nf6 3. Nc3 Nbd7 4. f4 e5 5. Nf3 exd4 6. Qxd4 c6 7. Be3 d5 8. e5 Bc5 9. Qd2 Bxe3 10. Qxe3 Ng4 11. Qd2 Qb6 12. O-O-O Nc5 13. Kb1 h5 14. h3 Nh6 15. Bd3 Bd7 16. Ng5 O-O-O 17. Rhe1 Rhe8 18. Be2 h4 19. Bh5 g6 20. Bf3 Kb8 21. Qf2 Na4 22. Qxb6 Nxc3+ 23. bxc3 axb6 24. c4 dxc4 25. Rd4 b5 26. Red1 Kc7 27. Be4 Bc8 28. c3 Rxd4 29. Rxd4 Bf5 30. Kc1 Ra8 31. Kb2 Bxe4 32. Nxe4 Nf5 33. Rd2 Ne3 34. Ng5 Rd8 35. Rxd8 Kxd8 36. Nxf7+ Ke7 37. Nh8 Nxg2 38. Nxg6+ Ke6 39. Kc2 Kf5 40. Nf8 Nxf4 41. Nd7 Nxh3 42. Kd2 Ng5 43. Ke3 h3 44. Kf2 Ne4+ 45. Kg1 Nxc3 46. a3 Nb1 47. e6 Kxe6 48. Nc5+ Kd5 49. Nxb7 Nxa3 0-1


[Site "https://www.chess.com"]

[Event "Titled Tuesday Blitz August 16 Early 2022"]
[White "Harsh Suresh"]
[Black "Guz, Ari"]
[WhiteFideId "45018464"]
[BlackFideId "2825759"]
[WhiteElo "2070"]
[BlackElo "1913"]
[Result "0-1"]
[Round "07"]
[TimeControl "180+1"]
[Date "2022.08.16"]
[WhiteClock "0:01:02"]
[BlackClock "0:01:34"]

1. b3 e5 2. Bb2 Nc6 3. e3 g6 4. Nf3 Bg7 5. d4 exd4 6. Nxd4 Nxd4 7. Bxd4 Nf6 8. Be2 O-O 9. O-O d6 10. c4 Bd7 11. Nd2 a5 12. Bf3 Bc6 13. Bxc6 bxc6 14. Qf3 c5 15. Bc3 a4 16. g3 Re8 17. Kg2 Nd7 18. Bxg7 Kxg7 19. Rfb1 Nb6 20. b4 cxb4 21. Rxb4 Qf6 22. Rab1 Qxf3+ 23. Kxf3 f5 24. Rb5 Rad8 25. h4 Re5 26. Ke2 Kf6 27. Rxe5 dxe5 28. Rb5 Ke6 29. Rc5 Kd6 30. Ra5 Kc6 31. Rxe5 Rxd2+ 32. Kf3 Nxc4 33. Re7 Rd7 34. Re8 Nd2+ 35. Ke2 Ne4 36. Ke1 Nc3 37. a3 Rd1# 0-1


[Site "https://www.chess.com"]

[Event "Titled Tuesday Blitz August 16 Early 2022"]
[White "Harshavardhan G B"]
[Black "Chen, Justin"]
[WhiteFideId "25059009"]
[BlackFideId "2098199"]
[WhiteElo "1890"]
[BlackElo "2289"]
[Result "0-1"]
[Round "07"]
[TimeControl "180+1"]
[Date "2022.08.16"]
[WhiteClock "0:00:07"]
[BlackClock "0:00:05"]

1. d4 d5 2. c4 dxc4 3. e4 e5 4. Nf3 Bb4+ 5. Bd2 Bxd2+ 6. Nbxd2 exd4 7. Bxc4 Nc6 8. O-O Nge7 9. Nb3 O-O 10. Nfxd4 Nxd4 11. Nxd4 Bd7 12. b4 Nc6 13. Nxc6 Bxc6 14. Qc2 Qe7 15. Bd5 Bxd5 16. exd5 Rad8 17. Rfd1 Rd7 18. Rd2 Rfd8 19. Rad1 Qxb4 20. h3 Qa5 21. Qe4 g6 22. h4 Qc5 23. h5 Qe7 24. Qf4 Qd6 25. Qf3 Qe5 26. h6 Qg5 27. Qh3 Qe7 28. Rd3 Qf8 29. Qh4 c6 30. d6 f6 31. Qf4 Kh8 32. g4 g5 33. Qf5 Qxh6 34. Kg2 Qg6 35. Qe6 Kg7 36. Rh3 Qf7 37. Qf5 Qg6 38. Qe6 Qf7 39. Qf5 h6 40. Rdh1 Rh8 41. Rd1 Rc8 42. Rdh1 Rh8 43. Rd1 Rhd8 44. Re3 Rxd6 45. Rxd6 Rxd6 46. Kh2 Rd7 47. Qf3 Re7 48. Rd3 Qe6 49. Re3 Qd6+ 50. Kh3 Rxe3 51. Qxe3 Qd7 52. Kg3 b6 53. f3 c5 54. Qe4 Qc7+ 55. Kh3 c4 56. Qc2 c3 57. a4 a6 58. Kg2 b5 59. axb5 axb5 60. Kf1 b4 61. Ke1 b3 62. Qxb3 c2 0-1


[Site "https://www.chess.com"]

[Event "Titled Tuesday Blitz August 16 Early 2022"]
[White "Ianov, Viktor"]
[Black "Pourkashiyan, Atousa"]
[WhiteFideId "14102730"]
[BlackFideId "12502014"]
[WhiteElo "2152"]
[BlackElo "2247"]
[Result "1/2-1/2"]
[Round "07"]
[TimeControl "180+2"]
[Date "2022.08.18"]
[WhiteClock "0:00:00"]
[BlackClock "0:00:00"]

1. Nf3 d5 2. g3 c6 3. Bg2 Nf6 4. O-O Bg4 5. d3 e6 6. Nbd2 Nbd7 7. b3 Be7 8. Bb2 O-O 9. a3 a5 10. c4 h6 11. Qc2 Rc8 12. Rfd1 b5 13. Rac1 bxc4 14. bxc4 Rb8 15. e4 Bxf3 16. Nxf3 Qb6 17. Bd4 Qb3 18. cxd5 cxd5 19. e5 Nh7 20. Qc7 Rfd8 21. Qxa5 Qxa3 22. Qxa3 Bxa3 23. Rc7 Rbc8 24. Ra7 Ra8 25. Rxa8 Rxa8 26. Ra1 Ra5 27. Bc3 Ra7 28. d4 Nb6 29. Bf1 Ra8 30. Nd2 Be7 31. Rxa8+ Nxa8 32. h4 Nb6 33. Bd3 Nf8 34. f4 Nfd7 35. Kf2 Na4 36. Ba1 Bb4 37. Nf3 Bc3 38. Bxc3 Nxc3 39. f5 Nb6 40. g4 Nd1+ 41. Ke2 Nb2 42. f6 Nxd3 43. Kxd3 gxf6 44. exf6 Nd7 45. g5 hxg5 46. hxg5 Kh7 47. Nh4 Nb6 48. Ke3 Nc4+ 49. Kf4 Nd6 50. Nf3 Nf5 51. Ne5 Nd6 52. Kg4 Kg8 53. Kh5 Nf5 54. Nf3 Ng3+ 55. Kh6 Ne4 56. Ne5 Kf8 57. Nd7+ Kg8 58. Ne5 Kf8 59. Nd7+ Kg8 60. Ne5 1/2-1/2


[Site "https://www.chess.com"]

[Event "Titled Tuesday Blitz August 16 Early 2022"]
[White "Iljin, Timofey"]
[Black "Weetik, Vjacheslav"]
[WhiteFideId "14110180"]
[BlackFideId "4153472"]
[WhiteElo "2404"]
[BlackElo "2469"]
[Result "1-0"]
[Round "07"]
[TimeControl "180+2"]
[Date "2022.08.18"]
[WhiteClock "0:00:00"]
[BlackClock "0:00:00"]

1. d4 Nf6 2. c4 g6 3. Nc3 Bg7 4. e4 d6 5. f4 O-O 6. Nf3 Bg4 7. Bd3 Nc6 8. Be3 Nd7 9. Ne2 Bxf3 10. gxf3 e5 11. fxe5 dxe5 12. d5 Nd4 13. O-O f5 14. Kh1 c5 15. dxc6 bxc6 16. b4 Kh8 17. Qd2 c5 18. Bg5 Qc7 19. Nc3 Nb6 20. Nd5 Nxd5 21. exd5 Nxf3 22. Rxf3 e4 23. Bf4 Qb7 24. bxc5 Bxa1 25. Rf1 Bd4 26. c6 Qg7 27. Be2 Rac8 28. Bh6 Qe5 29. Rd1 Bc5 30. Bxf8 Bxf8 31. d6 Rxc6 32. d7 Be7 33. d8=Q+ Bxd8 34. Qxd8+ Kg7 35. Qd7+ Kh6 36. Qxc6 Qb2 37. Qd6 Qxe2 38. Qd2+ Qxd2 39. Rxd2 f4 40. Kg2 Kg5 41. c5 f3+ 42. Kf2 Kf4 43. Rd4 Ke5 44. Ke3 f2 45. Rxe4+ Kd5 46. Rf4 Kxc5 47. Rxf2 1-0


[Site "https://www.chess.com"]

[Event "Titled Tuesday Blitz August 16 Early 2022"]
[White "Jaferian, Koosha"]
[Black "Martic, Ivan"]
[WhiteFideId "12507440"]
[BlackFideId "929301"]
[WhiteElo "2030"]
[BlackElo "2355"]
[Result "1-0"]
[Round "07"]
[TimeControl "180+2"]
[Date "2022.08.18"]
[WhiteClock "0:00:00"]
[BlackClock "0:00:00"]

1. Nf3 Nf6 2. b3 d5 3. Bb2 c6 4. g3 Bf5 5. Bg2 e6 6. O-O Nbd7 7. d3 h6 8. Nbd2 Bh7 9. e3 Bd6 10. Qe2 O-O 11. Ne1 a5 12. a4 e5 13. e4 dxe4 14. dxe4 Re8 15. Nd3 Nc5 16. Nxc5 Bxc5 17. Nc4 Qc7 18. Rad1 Bg6 19. Ba3 Bxa3 20. Nxa3 Bh5 21. f3 Nd7 22. Nc4 Nc5 23. Qe3 b6 24. Nd6 Red8 25. Nf5 Bg6 26. Bh3 Bxf5 27. Bxf5 Rxd1 28. Rxd1 Rd8 29. Rd2 Rd6 30. Kf2 Qd8 31. Ke2 g6 32. Bh3 Kg7 33. Rxd6 Qxd6 34. Qd2 Qe7 35. Qc3 h5 36. Kf2 h4 37. Bf1 hxg3+ 38. hxg3 Qd6 39. Bc4 Qf6 40. Qe3 Qd6 41. Ke2 Nd7 42. f4 Nc5 43. f5 Qf6 44. g4 Qh4 45. Qf3 Qh2+ 46. Kd1 Qg1+ 47. Ke2 f6 48. fxg6 Qh2+ 49. Kf1 Qh6 50. Bf7 Qc1+ 51. Kg2 Qxc2+ 52. Kh3 Nxe4 53. Qf5 Ng5+ 54. Kg3 Qc3+ 55. Kf2 Qd2+ 56. Kf1 Qd1+ 57. Kf2 Nh3+ 58. Kg3 1-0


[Site "https://www.chess.com"]

[Event "Titled Tuesday Blitz August 16 Early 2022"]
[White "Janaszak, Dawid"]
[Black "Leschinsky, Gary"]
[WhiteFideId "1119206"]
[BlackFideId "30951321"]
[WhiteElo "2165"]
[BlackElo "1809"]
[Result "0-1"]
[Round "07"]
[TimeControl "180+2"]
[Date "2022.08.18"]
[WhiteClock "0:00:00"]
[BlackClock "0:00:00"]

1. e4 c5 2. Nc3 e6 3. g3 d5 4. Bg2 Nf6 5. e5 Nfd7 6. f4 Nc6 7. Nf3 Be7 8. O-O Rb8 9. Ne2 b5 10. c3 a5 11. d4 b4 12. f5 exf5 13. Nf4 Nb6 14. Kh1 O-O 15. Qe2 bxc3 16. bxc3 cxd4 17. Nxd4 Nxd4 18. cxd4 Re8 19. Rb1 Be6 20. Qa6 Bb4 21. a3 Bc3 22. Qd3 Na4 23. Be3 Qd7 24. Rbc1 Rb3 25. Qd1 Rxa3 26. Rb1 Bb4 27. Bc1 Nc3 28. Qc2 Nxb1 29. Qxb1 Rc3 30. Bd2 Rc4 31. Be3 h6 32. Rd1 Rec8 33. h4 Qb5 34. Bf1 a4 35. Nd3 Qa5 36. Nc5 Bxc5 37. Bxc4 dxc4 38. dxc5 Qa8+ 39. Kh2 Qf3 40. Bf4 c3 41. Qc2 Bb3 42. Qd3 Qxd1 43. Qxf5 Qc2+ 0-1


[Site "https://www.chess.com"]

[Event "Titled Tuesday Blitz August 16 Early 2022"]
[White "Jiganchine, Roman"]
[Black "Delorme, Axel"]
[WhiteFideId "2603667"]
[BlackFideId "632023"]
[WhiteElo "2205"]
[BlackElo "2474"]
[Result "1-0"]
[Round "07"]
[TimeControl "180+2"]
[Date "2022.08.18"]
[WhiteClock "0:00:00"]
[BlackClock "0:00:00"]

1. Nf3 Nf6 2. c4 c6 3. Nc3 d5 4. e3 a6 5. b3 Bf5 6. Bb2 dxc4 7. bxc4 Bd3 8. Bxd3 Qxd3 9. Ne5 Qd6 10. d4 e6 11. O-O Be7 12. c5 Qc7 13. Na4 Nbd7 14. Nxd7 Nxd7 15. Bc3 b5 16. cxb6 Qb7 17. Rb1 O-O 18. Qf3 Nf6 19. Rfc1 Nd5 20. Bd2 Rac8 21. e4 Nf6 22. Nc5 Bxc5 23. dxc5 Rfd8 24. Bc3 Ne8 25. Rd1 f6 26. h4 e5 27. Rxd8 Rxd8 28. Rd1 Rxd1+ 29. Qxd1 Kf7 30. Qd8 h5 31. Kf1 g6 32. Ke2 Ng7 33. Qc7+ 1-0


[Site "https://www.chess.com"]

[Event "Titled Tuesday Blitz August 16 Early 2022"]
[White "Johnson, Ben"]
[Black "Zaksaite, Salomeja"]
[WhiteFideId "2010917"]
[BlackFideId "12801496"]
[WhiteElo "2050"]
[BlackElo "1953"]
[Result "1-0"]
[Round "07"]
[TimeControl "180+2"]
[Date "2022.08.18"]
[WhiteClock "0:00:00"]
[BlackClock "0:00:00"]

1. Nf3 Nf6 2. c4 g6 3. b3 Bg7 4. Bb2 O-O 5. g3 d6 6. d4 b6 7. Bg2 Bb7 8. O-O Nbd7 9. Nc3 a6 10. Qc2 Qb8 11. e4 Qa7 12. Rfe1 e5 13. Nd5 c5 14. Ne7+ Kh8 15. d5 Rae8 16. Nc6 Qa8 17. Rad1 Rg8 18. Ng5 Rgf8 19. f4 h6 20. Nf3 exf4 21. e5 dxe5 22. Ncxe5 Nxe5 23. Nxe5 fxg3 24. hxg3 Nh5 25. Nd7 Rxe1+ 26. Rxe1 Re8 27. Bxg7+ Kxg7 28. Qc3+ Kh7 29. g4 Rxe1+ 30. Qxe1 Qd8 31. Nxb6 Nf4 32. Na4 Nxg2 33. Kxg2 Qg5 34. Qg3 Bc8 35. Nxc5 Bxg4 36. Ne4 Qf5 37. Nf2 Be2 38. d6 Qe6 39. c5 h5 40. c6 1-0


[Site "https://www.chess.com"]

[Event "Titled Tuesday Blitz August 16 Early 2022"]
[White "Kambrath, Yannick"]
[Black "Hess, Robert"]
[WhiteFideId "20632525"]
[BlackFideId "2022036"]
[WhiteElo "2236"]
[BlackElo "2557"]
[Result "0-1"]
[Round "07"]
[TimeControl "180+1"]
[Date "2022.08.16"]
[WhiteClock "0:00:06"]
[BlackClock "0:00:49"]

1. e4 g6 2. d4 Bg7 3. f4 e6 4. Nf3 d5 5. e5 h5 6. c4 dxc4 7. Nc3 Nd7 8. d5 Nb6 9. Bxc4 c6 10. Bb3 exd5 11. Bc2 Nh6 12. a4 O-O 13. a5 Nc4 14. b3 Nxa5 15. Ba3 Re8 16. Bb4 b6 17. Bxa5 bxa5 18. O-O Rb8 19. Nd4 Rb4 20. Kh1 Qb6 21. Nde2 Ng4 22. Na4 Nf2+ 23. Kg1 Nxd1+ 24. Nxb6 axb6 25. Rfxd1 Bg4 26. Kf2 f6 0-1


[Site "https://www.chess.com"]

[Event "Titled Tuesday Blitz August 16 Early 2022"]
[White "Kamsky, Gata"]
[Black "Belov, Vladimir"]
[WhiteFideId "2000024"]
[BlackFideId "4132394"]
[WhiteElo "2666"]
[BlackElo "2501"]
[Result "1-0"]
[Round "07"]
[TimeControl "180+1"]
[Date "2022.08.16"]
[WhiteClock "0:01:00"]
[BlackClock "0:00:01"]

1. d4 Nf6 2. Bf4 g6 3. Nf3 Bg7 4. c3 d6 5. h3 O-O 6. Nbd2 c5 7. dxc5 dxc5 8. e4 Nc6 9. Be2 b6 10. O-O Bb7 11. Bh2 Na5 12. Qc2 Qc8 13. Rfe1 Rd8 14. Bf1 Ba6 15. Bxa6 Qxa6 16. e5 Nd5 17. e6 f5 18. Ng5 Nf6 19. Nf7 Qd3 20. Qxd3 Rxd3 21. Re2 Nc6 22. a4 Nd5 23. Nc4 Bf6 24. Ree1 Rc8 25. Rad1 Rxd1 26. Rxd1 Nc7 27. Bxc7 Rxc7 28. f4 Kg7 29. g4 fxg4 30. hxg4 Bh4 31. g5 Bg3 32. Rf1 Rb7 33. Kg2 Bh4 34. Kh3 1-0


[Site "https://www.chess.com"]

[Event "Titled Tuesday Blitz August 16 Early 2022"]
[White "Khabinets, Ivan"]
[Black "Sargissyan, Sargis"]
[WhiteFideId "14115980"]
[BlackFideId "13303210"]
[WhiteElo "2114"]
[BlackElo "2102"]
[Result "1-0"]
[Round "07"]
[TimeControl "180+2"]
[Date "2022.08.18"]
[WhiteClock "0:00:00"]
[BlackClock "0:00:00"]

1. e4 c5 2. Nf3 d6 3. Bb5+ Nc6 4. O-O Bd7 5. Re1 a6 6. Bf1 e5 7. c3 g5 8. d4 g4 9. d5 gxf3 10. dxc6 bxc6 11. Qxf3 Qf6 12. Qg3 Qg6 13. Na3 Nf6 14. Nc4 Be6 15. Qd3 Rd8 16. Na5 Bd7 17. Nb7 Nh5 18. Nxd8 Kxd8 19. Qxa6 Rg8 20. Qd3 f5 21. Bd2 Bh6 22. Bxh6 Qxh6 23. Qh3 Qg5 24. Rad1 Nf4 25. Qg3 Kc7 26. Qxg5 Rxg5 27. g3 fxe4 28. Rxe4 Bg4 29. Rd2 Bf3 30. Re3 e4 31. h4 Rg6 32. Kh2 Ne6 33. Bh3 d5 34. Bf5 Rf6 35. g4 c4 36. Kg3 Nc5 37. Rxf3 exf3 38. Kxf3 Ne4 39. Re2 h5 40. Kf4 hxg4 41. Kxg4 Nd6 42. Bc2 c5 43. h5 d4 44. Re5 d3 45. Bd1 Kc6 46. f4 d2 47. Re2 Nf5 48. Rxd2 Ne3+ 49. Kg5 Rf5+ 50. Kg6 Rxf4 51. h6 Nxd1 52. Rxd1 Rg4+ 53. Kf5 Rh4 54. Kg5 Rh2 55. Rg1 Rxb2 56. Rh1 Rb8 57. h7 1-0


[Site "https://www.chess.com"]

[Event "Titled Tuesday Blitz August 16 Early 2022"]
[White "Kohler, Aran"]
[Black "Balabayeva, Xeniya"]
[WhiteFideId "1002856"]
[BlackFideId "13719688"]
[WhiteElo "2060"]
[BlackElo "1895"]
[Result "1-0"]
[Round "07"]
[TimeControl "180+2"]
[Date "2022.08.18"]
[WhiteClock "0:00:00"]
[BlackClock "0:00:00"]

1. Nf3 d5 2. d4 e6 3. Bf4 Nf6 4. e3 c5 5. c3 Nc6 6. Nbd2 Nh5 7. Bg3 Nxg3 8. hxg3 Qb6 9. Rb1 Bd7 10. Bd3 h6 11. dxc5 Bxc5 12. b4 Be7 13. b5 Na5 14. c4 dxc4 15. Nxc4 Nxc4 16. Bxc4 Rc8 17. Bd3 Qa5+ 18. Qd2 Qxd2+ 19. Kxd2 Bc5 20. Ne5 Ke7 21. Nxd7 Kxd7 22. Rhd1 Ke7 23. Be4 Rc7 24. Ke2 f5 25. Bf3 g6 26. g4 Kf6 27. gxf5 exf5 28. g3 Rhc8 29. Rd5 Ba3 30. Rbd1 Rc2+ 31. R1d2 Bb4 32. Rxc2 Rxc2+ 33. Kf1 Rxa2 34. Rd7 b6 35. Bc6 Bc5 36. f4 a5 37. Bd5 Ra1+ 38. Ke2 g5 39. Rf7+ Kg6 40. Rc7 Ra3 41. Rc6+ Kg7 42. e4 fxe4 43. f5 Re3+ 44. Kd2 Rd3+ 45. Ke2 Bd4 46. Rg6+ Kf8 47. f6 Bb2 48. Rg8# 1-0


[Site "https://www.chess.com"]